 Dungeon Crawl Stone Soup version 0.27.0-1-g7a08968 (webtiles) character file.

Game seed: 15444684053188260612

3723 catcat the Basher (level 10, -4/60 HPs)
             Began as a Gargoyle Fighter on July 26, 2022.
             Was a Priest of Zin.
             Slain by a two-headed ogre (12 damage)
             ... on level 7 of the Dungeon.
             The game lasted 00:24:16 (9594 turns).

catcat the Basher (Gargoyle Fighter)                Turns: 9594, Time: 00:24:17

Health: -4/60      AC: 21    Str: 24    XL:     10   Next: 14%
Magic:  12/12      EV:  6    Int:  8    God:    Zin [***...]
Gold:   394        SH: 10    Dex:  9    Spells: 9/9 levels left

rFire    . . .     SeeInvis +   d - +2 whip (elec)
rCold    . . .     Faith    .   c - +0 kite shield
rNeg     + . .     Spirit   .   w - +0 chain mail
rPois    ∞         Reflect  .   C - +0 helmet
rElec    +         Harm     .   G - +0 cloak
rCorr    .         Rampage  .   f - +1 pair of gloves
Will     .....                  (no boots)
Stlth    ..........             (no amulet)
HPRegen  0.20/turn              j - ring of see invisible
MPRegen  0.13/turn              (no ring)

@: no status effects
A: sickness immunity, AC +7, negative energy resistance 1, electricity
resistance, torment resistance 1, petrification resistance
a: Renounce Religion, Recite, Vitalisation, Imprison, Donate Gold


You were on level 7 of the Dungeon.
You worshipped Zin.
Zin was most pleased with you.
You visited 2 branches of the dungeon, and saw 8 of its levels.
You also visited: Sewer.

You collected 437 gold pieces.
You donated 43 gold pieces to Zin.

Inventory:

Hand Weapons
 a - a +0 flail
 d - a +2 whip of electrocution (weapon)
Missiles
 m - 6 boomerangs (quivered)
Armour
 b - a +0 scale mail
 c - a +0 kite shield (worn)
 f - a +1 pair of gloves (worn)
 w - a +0 chain mail (worn)
 C - a +0 helmet (worn)
 E - a +0 pair of boots
 G - a +0 cloak (worn)
Jewellery
 j - a ring of see invisible (left hand)
 D - a ring of wizardry
Scrolls
 e - a scroll of fear
 g - 5 scrolls of enchant armour
 i - a scroll of teleportation
 k - a scroll of vulnerability {unknown}
 l - a scroll of torment {unknown}
 n - a scroll of blinking {unknown}
 q - a scroll of fog
 u - a scroll of amnesia {unknown}
 v - a scroll of immolation {unknown}
 x - a scroll of magic mapping {unknown}
 y - a scroll of acquirement {unknown}
 F - 2 scrolls of identify
 H - a scroll of noise {unknown}
Potions
 h - 3 potions of brilliance
 o - 2 potions of mutation
 p - 3 potions of cancellation
 r - a potion of heal wounds
 s - a potion of ambrosia {unknown}
 t - 3 potions of curing
 z - 2 potions of attraction {unknown}
 A - a potion of might
 B - a potion of haste {unknown}


   Skills:
 - Level 6.0 Fighting
 * Level 11.7 Maces & Flails
 - Level 5.0 Armour
 - Level 2.0 Dodging
 - Level 5.0 Shields
 + Level 3.7 Invocations


You had 9 spell levels left.
You didn't know any spells.
Your spell library contained the following spells:

 Spells                   Type           Power      Damage    Failure   Level
 Call Canine Familiar     Summ           0%         N/A       100%        3
 Ozocubu's Armour         Ice            0%         N/A       100%        3
 Portal Projectile        Hex/Tloc       0%         N/A       100%        3
 Hailstorm                Conj/Ice       0%         3d3       100%        4
 Ice Form                 Ice/Tmut       0%         N/A       100%        4
 Leda's Liquefaction      Hex/Erth       0%         N/A       100%        4
 Metabolic Englaciation   Hex/Ice        0%         N/A       100%        5
 Simulacrum               Ice/Necr       0%         N/A       100%        6


Dungeon Overview and Level Annotations

Branches:
Dungeon (7/15)             Temple (1/1) D:7           Sewer (visited)

Altars:
Ashenzari
Cheibriados
Fedhas
Gozag
Hepliaklqana
Kikubaaqudgha
Makhleb
Okawaru
Qazlal
Ru
Sif Muna
Trog
Uskayaw
Vehumet
Xom
Yredelemnul
Zin

Shops:
D:1 ?   D:7 =


Innate Abilities, Weirdness & Mutations

You are immune to sickness and miasma.
Your stone body is resilient. (AC +7)
You are immune to poison.
You resist negative energy. (rN+)
You are resistant to electric shocks. (rElec)
You are resistant to unholy torment.
You are immune to petrification.


Message History

Press: ? - help, Q - select action, (/) - cycle Shift-Dir - straight line, f/p - two-headed ogre
Aim: a two-headed ogre, wielding a +0 giant spiked club and a +0 giant club (lightly wounded, 72% to hit)
You throw a boomerang.
The boomerang barely misses the two-headed ogre.
Throw: 6 boomerangs
Press: ? - help, Q - select action, (/) - cycle Shift-Dir - straight line, f/p - two-headed ogre
Aim: a two-headed ogre, wielding a +0 giant spiked club and a +0 giant club (lightly wounded, 73% to hit)
Okay, then.
The two-headed ogre completely misses you.
The two-headed ogre hits you but does no damage.
You hit the two-headed ogre.
The two-headed ogre is lightly wounded.
The two-headed ogre hits you with a +0 giant spiked club!!
The two-headed ogre hits you with a +0 giant club.
You whack the two-headed ogre!
Lightning courses through the two-headed ogre!
The two-headed ogre is heavily wounded.
You hit the two-headed ogre.
The two-headed ogre is heavily wounded.
The two-headed ogre hits you with a +0 giant spiked club!
The two-headed ogre hits you with a +0 giant club!!
* * * LOW HITPOINT WARNING * * *
You whack the two-headed ogre!
The two-headed ogre is severely wounded.
You hit the two-headed ogre.
Lightning courses through the two-headed ogre!
The two-headed ogre is almost dead.
The two-headed ogre hits you with a +0 giant spiked club.
* * * LOW HITPOINT WARNING * * *
The two-headed ogre hits you but does no damage.
Your chain mail prevents you from hitting the two-headed ogre.
The two-headed ogre is almost dead.
The two-headed ogre hits you but does no damage.
You block the two-headed ogre's attack.
You hit the two-headed ogre.
The two-headed ogre is almost dead.
You closely miss the two-headed ogre.
The two-headed ogre is almost dead.
The two-headed ogre hits you with a +0 giant spiked club!
You die...

#...○.###..........#..##.###.#
#≈ #######
####....##..#.##.##..# #.
####...###.##.##.## #†
###.###.##.#..# #.
#..##....#.## #. ##.####....#
.. ##########.......### ..
...$∩.........#..# #..
........@######..# #..
......##O# .... ...... #..
#..... ....# .... ....... ....
##.####..###.. ... .. ##.. ...
.. ###


You could see a two-headed ogre.

Vanquished Creatures
  Joseph (D:7)
  Prince Ribbit (D:7)
  Sigmund (D:6)
  A wraith (D:6)
  Eustachio (D:6)
  2 steam dragons
  3 sky beasts (D:7)
  An orc warrior (D:6)
  3 black bears (D:6)
  3 necrophages (D:6)
  2 ogres
  A centaur (D:7)
  A phantom (D:6)
  Blork the orc (D:6)
  A gnoll sergeant (D:7)
  A kobold brigand (Sewer)
  3 scorpions
  A water moccasin skeleton (D:5)
  2 howler monkeys (D:5)
  2 jellies (D:6)
  2 hounds
  2 bullfrog skeletons
  2 orc priests
  A gnoll shaman (D:6)
  2 iguanas (D:6)
  2 orc wizards (D:5)
  A killer bee zombie (D:6)
  A howler monkey zombie (D:7)
  13 gnolls
  16 adders
  3 river rats
  A white imp (D:5)
  2 ufetubi (D:6)
  A worm (Sewer)
  6 dart slugs
  7 orcs
  13 ball pythons
  12 endoplasms
  4 giant cockroaches
  4 hobgoblins
  20 jackals
  8 kobolds
  5 quokkas
  11 bats
  5 frilled lizards
  A goblin (D:4)
  6 rats
183 creatures vanquished.

Vanquished Creatures (others)
  A sky beast (D:7)
1 creature vanquished.

Grand Total: 184 creatures vanquished

Notes
Turn   | Place    | Note
-------+----------+-------------------------------------------
     0 | D:1      | catcat the Gargoyle Fighter began the quest for the Orb.
     0 | D:1      | Reached XP level 1. HP: 14/14 MP: 1/1
   210 | D:1      | Reached XP level 2. HP: 19/19 MP: 2/2
   312 | D:1      | Found Hoimin's Magic Scroll Boutique.
   451 | D:1      | Reached skill level 3 in Maces & Flails
   451 | D:1      | Reached XP level 3. HP: 22/24 MP: 3/3
  1140 | D:2      | Reached XP level 4. HP: 15/29 MP: 4/4
  1299 | D:2      | Found a shimmering altar of Xom.
  1693 | D:2      | Found a faded altar of an unknown god.
  2058 | D:3      | Found a glowing drain.
  2063 | D:3      | Reached skill level 4 in Maces & Flails
  2073 | Sewer    | Entered a sewer
  2240 | Sewer    | Reached XP level 5. HP: 33/33 MP: 5/5
  2348 | Sewer    | Noticed a kobold brigand
  2361 | Sewer    | Killed a kobold brigand
  2362 | Sewer    | Reached skill level 1 in Dodging
  3053 | D:3      | Reached skill level 5 in Maces & Flails
  3053 | D:3      | Reached XP level 6. HP: 38/38 MP: 6/6
  4363 | D:4      | Noticed an orc warrior
  4702 | D:5      | Entered Level 5 of the Dungeon
  4750 | D:5      | Reached XP level 7. HP: 43/44 MP: 7/7
  4775 | D:5      | Reached skill level 6 in Maces & Flails
  4917 | D:5      | HP: 2/44 [gnoll (8)]
  5059 | D:5      | Reached skill level 5 in Fighting
  5738 | D:5      | Reached skill level 7 in Maces & Flails
  5953 | D:5      | Found an opulent altar of Gozag.
  6052 | D:5      | Reached XP level 8. HP: 49/49 MP: 8/8
  6191 | D:6      | Noticed a wraith
  6677 | D:6      | Reached skill level 8 in Maces & Flails
  6714 | D:6      | Reached skill level 5 in Shields
  6935 | D:6      | Noticed Blork the orc
  6947 | D:6      | Killed Blork the orc
  6948 | D:6      | Reached skill level 9 in Maces & Flails
  7001 | D:6      | Noticed Eustachio
  7015 | D:6      | Killed Eustachio
  7124 | D:6      | Noticed Sigmund
  7137 | D:6      | Killed Sigmund
  7138 | D:6      | Reached XP level 9. HP: 41/54 MP: 9/9
  7240 | D:6      | Reached skill level 10 in Maces & Flails
  7848 | D:6      | Found a blossoming altar of Fedhas.
  7980 | D:6      | Reached skill level 5 in Armour
  8218 | D:7      | Noticed Prince Ribbit
  8218 | D:7      | Noticed Joseph
  8262 | D:7      | Found a staircase to the Ecumenical Temple.
  8274 | Temple   | Entered the Ecumenical Temple
  8398 | Temple   | Became a worshipper of Zin the Law-Giver
  8398 | Temple   | Reached * piety under Zin
  8604 | D:7      | Killed Joseph
  8605 | D:7      | Reached skill level 1 in Invocations
  8618 | D:7      | Reached skill level 11 in Maces & Flails
  8635 | D:7      | Killed Prince Ribbit
  8901 | D:7      | Reached ** piety under Zin
  9018 | D:7      | Zin protects you from harm!
  9028 | D:6      | Reached XP level 10. HP: 9/60 MP: 12/12
  9515 | D:7      | Reached *** piety under Zin
  9579 | D:7      | Found Meinail's Jewellery Shop.
  9582 | D:7      | Noticed a two-headed ogre
  9594 | D:7      | Slain by a two-headed ogre

Illustrated notes

Levels and vault maps discovered:
D:1:      dpeg_arrival_round_b, layout_basic, serial_shops,
          nicolae_shop_waterfront
D:2:      layout_basic, ebering_ecumenical_altar_box, basic_altar,
          hangedman_decor_lopped, kennysheep_generic_room_6
D:3:      minmay_chambers_of_threes, layout_basic,
          cheibrodos_sewer_entry_sluice, chequers_serial_rivers_micro_a,
          wander_ebering_terrifying_dragon_lair
D:4:      layout_rooms
D:5:      layout_basic, nicolae_gozag_cash_rules_everything_around_me
D:6:      minmay_clustersquares, layout_layer_cave, fedhas_altar_4,
          serial_glass, glass_columns_a, glass_columns_a, glass_columns_c,
          glass_columns_b, uniq_blork_the_orc, uniq_eustachio, uniq_sigmund
D:7:      layout_rooms, nemelex_altar_shiori, minmay_temple_entry_mist,
          serial_shops, shop, hangedman_misty_isle, uniq_prince_ribbit1,
          uniq_joseph
Temple:   regret_index_temple_waves

Skill      XL: |  1  2  3  4  5  6  7  8  9 |
---------------+----------------------------+-----
Maces & Flails | 3 4 5 7 9 11 | 11.7
Fighting       | 4 5 6 |  6.0
Dodging        | 1 2 |  2.0
Shields        | 4 5 |  5.0
Armour         | 5 |  5.0
Invocations    | 3 |  3.7

Action                   |  1- 3 |  4- 6 |  7- 9 | 10-12 || total
-------------------------+-------+-------+-------+-------++-------
Melee: Flail             |   107 |   305 |    44 |       ||   456
       Whip              |       |       |   341 |    37 ||   378
Throw: Boomerang         |       |     5 |     7 |     2 ||    14
Invok: Recite            |       |       |     1 |     2 ||     3
  Use: Scroll            |     1 |     7 |       |       ||     8
       Potion            |       |       |     2 |       ||     2
Armor: Scale mail        |    81 |   191 |    70 |       ||   342
       Chain mail        |       |       |   134 |    16 ||   150
Dodge: Dodged            |    31 |   114 |   100 |     2 ||   247
Block: Kite shield       |    71 |   166 |   174 |     8 ||   419
